 Dungeon Crawl Stone Soup version 0.24-a0-112-g3372e67c91 (webtiles) character file.

Game seed: 17233500492293567750

65 Hercules1031 the Skirmisher (level 4, -6/35 HPs)
             Began as a Human Fighter on Feb 15, 2019.
             Mangled by a gnoll
             ... wielding a +0 spear
              (8 damage)
             ... on level 2 of the Dungeon.
             The game lasted 00:02:38 (603 turns).

Hercules1031 the Skirmisher (Human Fighter)          Turns: 603, Time: 00:02:38

Health: -6/35      AC:  6    Str: 18    XL:     4   Next: 34%
Magic:  4/4        EV:  7    Int:  8    God:
Gold:   39         SH:  9    Dex: 12    Spells: 3/3 levels left

rFire    . . .     SeeInvis .   a - +0 war axe
rCold    . . .     Gourm    .   c - +0 shield
rNeg     . . .     Faith    .   b - +0 scale mail
rPois    .         Spirit   .   (no helmet)
rElec    .         Reflect  .   (no cloak)
rCorr    .         Harm     .   (no gloves)
MR       .....                  (no boots)
Stlth    ..........             (no amulet)
HPRegen  0.11/turn              (no ring)
MPRegen  0.09/turn              (no ring)

@: no status effects
A: no striking features
a: no special abilities


You were on level 2 of the Dungeon.
You were not hungry.

You visited 1 branch of the dungeon, and saw 2 of its levels.

You collected 39 gold pieces.

Inventory:

Hand Weapons
 a - a +0 war axe (weapon)
Armour
 b - a +0 scale mail (worn)
 c - a +0 shield (worn)
Scrolls
 g - a scroll of blinking {unknown}
 h - a scroll of amnesia {unknown}
 j - a scroll of remove curse {unknown}
 k - a scroll of identify {unknown}
Potions
 d - a potion of might
 e - a potion of heal wounds {unknown}
 i - 2 potions of lignification {unknown}
Comestibles
 f - 3 rations


   Skills:
 + Level 3.4 Fighting
 + Level 2.6 Axes
 + Level 3.4 Armour
 + Level 1.3 Dodging
 + Level 3.4 Shields


You had 3 spell levels left.
You didn't know any spells.
Your spell library was empty.

Dungeon Overview and Level Annotations

Branches:
Dungeon (2/15)

Altars:


Message History

The jackal is severely wounded.
You block the jackal's attack.
The gnoll hits you from afar with a +0 spear.
* * * LOW HITPOINT WARNING * * *
You block the jackal's attack.
The gnoll hits you from afar with a +0 spear.
* * * LOW HITPOINT WARNING * * *
You slash the jackal!
You kill the jackal!
The gnoll hits you from afar with a +0 spear.
* * * LOW HITPOINT WARNING * * *
Unknown command.
The gnoll barely misses you.
An adder comes into view.
You see here a gnoll corpse.
The adder hisses angrily.
You hit the gnoll.
The gnoll is moderately wounded.
The gnoll completely misses you. The gnoll hits you with a +0 spear!
You die...

............
...........#
.
...........#
S.
.........#$#
..........#
#......###.
#..).......
#.<@g......
#.††......#
#.........#
#.........#
###########


You could see a gnoll and an adder.

Vanquished Creatures
  3 gnolls (D:2)
  3 dart slugs (D:1)
  2 leopard geckos (D:1)
  2 ball pythons
  A goblin (D:1)
  2 hobgoblins (D:1)
  A jackal (D:2)
  4 bats (D:1)
  4 frilled lizards
  5 kobolds
  4 rats (D:1)
31 creatures vanquished.

Notes
Turn   | Place    | Note
-------+----------+-------------------------------------------
     0 | D:1      | Hercules1031 the Human Fighter began the quest for the Orb.
     0 | D:1      | Reached XP level 1. HP: 18/18 MP: 1/1
    59 | D:1      | Reached XP level 2. HP: 15/24 MP: 2/2
   198 | D:1      | Reached XP level 3. HP: 27/29 MP: 3/3
   466 | D:1      | Reached skill level 1 in Dodging
   592 | D:2      | Reached XP level 4. HP: 27/35 MP: 4/4
   603 | D:2      | Mangled by a gnoll

Levels and vault maps discovered:
D:1:      dpeg_arrival_houses_and_road, layout_rooms,
          chequers_serial_rivers_micro_d, grunt_decor_arrowhead, hex_tiny
D:2:      layout_basic, lemuel_doored_altar, yredelemnul_altar_generic,
          minmay_indecisive_spiral

Skill      XL: |  1  2  3 |
---------------+----------+-----
Dodging        | 1 |  1.3
Fighting       | |  3.4
Axes           | |  2.6
Armour         | |  3.4
Shields        | |  3.4

Action                   |  1- 3 |  4- 6 || total
-------------------------+-------+-------++-------
Melee: War axe           |    88 |    10 ||    98
Armor: Scale mail        |    65 |     8 ||    73
Dodge: Dodged            |    41 |    12 ||    53
Block: Shield            |    65 |    15 ||    80

Table legend:
 A = Non-vault XP
 B = Vault XP
 C = Vault XP percentage of total XP
 D = Non-vault monster count
 E = Vault monster count
 F = Vault count percentage of total count
                 A         B        C        D         E       F
            +---------+---------+-------+---------+---------+-------
      Total |      91 |       2 |   2.2 |      30 |       1 |   3.2
            +---------+---------+-------+---------+---------+-------
        D:1 |      44 |       0 |   0.0 |      24 |       0 |   0.0
        D:2 |      47 |       2 |   4.1 |       6 |       1 |  14.3
            +---------+---------+-------+---------+---------+-------
